 Dungeon Sprint DCSS version 0.17-a0-1939-ga475588 (webtiles) character file.

1397 KambridgeKobold the Protected (level 8, -1/82 HPs)
             Began as a Minotaur Fighter on Sept 29, 2015.
             Was a Believer of Okawaru.
             Slain by a demonic crawler (9 damage)
             ... in the Dungeon (Sprint I: "Red Sonja").
             The game lasted 00:02:46 (1080 turns).

KambridgeKobold the Protected (Minotaur Fighter)    Turns: 1080, Time: 00:02:46

Health: -1/82      AC: 12    Str: 21    XL:     8   Next: 41%
Magic:  6/7        EV: 12    Int:  5    God:    Okawaru [**....]
Gold:   198        SH:  0    Dex: 12    Spells: 0 memorised, 7 levels left

rFire  . . .     SeeInvis .     a - +1 long sword
rCold  . . .     Clarity  .     b - +0 scale mail
rNeg   . . .     SustAt   .     (no shield)
rPois  .         Gourm    .     (helmet restricted)
rElec  .         Spirit   .     m - +0 cloak
rCorr  .         Warding  .     (no gloves)
rMut   .         NoTele   +     (no boots)
MR     .....                    (no amulet)
Stlth  +.........               (no ring)
                                (no ring)

@: heroism, not resistant to hostile enchantments, very unstealthy
A: retaliatory headbutt, horns 2
a: Heroism, Renounce Religion


You were in the Dungeon.
You worshipped Okawaru.
Okawaru was pleased with you.
You were hungry.

You visited 1 branch You collected 405 gold pieces.
You spent 207 gold pieces at shops.

Inventory:

Hand weapons
 a - a +1 long sword (weapon)
Armour
 b - a +0 scale mail (worn)
 m - a +0 cloak (worn)
Scrolls
 k - a scroll of blinking
Potions
 d - a potion of might
 f - a potion of curing
 g - a potion of heal wounds
 h - a potion of haste
 i - 2 potions of magic
 j - a potion of berserk rage
 l - a potion of brilliance
Comestibles
 e - a bread ration


   Skills:
 - Level 11.2(16.2) Fighting
 + Level 13.6(18.6) Long Blades
 + Level 13.8(18.8) Armour
   Level 3.6(8.6) Shields


You had 7 spell levels left.
You didn't know any spells.

Dungeon Overview and Level Annotations

Branches:
Dungeon (1/1)

Altars:
Cheibriados
Dithmenos
Elyvilon
Fedhas
Gozag
Kikubaaqudgha
Makhleb
Nemelex Xobeh
Okawaru
Qazlal
Ru
Sif Muna
Trog
Vehumet
Xom
Yredelemnul
Zin
The Shining One
Jiyva

Shops:
D *


Innate Abilities, Weirdness & Mutations

You reflexively headbutt those who attack you in melee.
You have a pair of horns on your head.


Message History

The demonic crawler is severely wounded.
The demonic crawler hits you but does no damage.
The demonic crawler closely misses you.
The demonic crawler hits you but does no damage.
You hit the demonic crawler but do no damage.
Your headbutt misses the demonic crawler.
The demonic crawler is severely wounded.
The demonic crawler misses you. The demonic crawler hits you.
* * * LOW HITPOINT WARNING * * *
The demonic crawler hits you but does no damage.
You hit the demonic crawler.
The demonic crawler is severely wounded.
The demonic crawler closely misses you. The demonic crawler hits you!
* * * LOW HITPOINT WARNING * * *
The demonic crawler hits you but does no damage.
You hit the demonic crawler.
You headbutt the demonic crawler, but do no damage.
The demonic crawler is severely wounded.
The demonic crawler hits you!
You die...

##################
.#.)'..#__#..'.).#
.'..#..'..'..#)..##+#
'#####'#__####..@ss.#
.#...#)#### #####s.+
##..##.# ## _##'#..+
..'..._# _##_.#'#
_###+#(# ## ###


You could see 3 demonic crawlers.

Vanquished Creatures
  A demonic crawler (D)
  2 kobold demonologists (D)
  A slime creature (D)
  Sigmund (D)
  A yak (D)
  An ogre (D)
  A jelly (D)
  Ijyb (D)
  A giant eyeball (D)
10 creatures vanquished.

Vanquished Creatures (others)
  A gargoyle (D)
1 creature vanquished.

Grand Total: 11 creatures vanquished

Notes
Turn   | Place    | Note
--------------------------------------------------------------
     0 | D        | KambridgeKobold the Minotaur Fighter began the quest for the Orb.
     0 | D        | Reached XP level 1. HP: 19/19 MP: 0/0
     1 | D        | Noticed Ijyb
     6 | D        | Killed Ijyb
     6 | D        | Reached skill level 5 in Fighting
     6 | D        | Reached skill level 5 in Armour
     6 | D        | Reached XP level 2. HP: 23/29 MP: 1/1
    73 | D        | Noticed an ogre
    80 | D        | Killed an ogre
    80 | D        | Reached skill level 7 in Fighting
    80 | D        | Reached XP level 3. HP: 21/39 MP: 2/2
    80 | D        | Reached XP level 4. HP: 25/47 MP: 3/3
   223 | D        | Noticed Sigmund
   236 | D        | Killed Sigmund
   236 | D        | Reached skill level 9 in Fighting
   236 | D        | Reached XP level 5. HP: 12/57 MP: 4/4
   471 | D        | Found a deep blue altar of Sif Muna.
   472 | D        | Noticed a jelly
   473 | D        | Found a radiant altar of Vehumet.
   478 | D        | Killed a jelly
   478 | D        | Reached XP level 6. HP: 55/64 MP: 5/5
   521 | D        | Found Gupysh's General Store.
   521 | D        | Found a white marble altar of Elyvilon.
   521 | D        | Found a stormy altar of Qazlal.
   521 | D        | Found a burning altar of Makhleb.
   521 | D        | Found a sacrificial altar of Ru.
   521 | D        | Found a basalt altar of Yredelemnul.
   521 | D        | Found a glowing golden altar of the Shining One.
   521 | D        | Found a sparkling altar of Nemelex Xobeh.
   521 | D        | Found a shimmering altar of Xom.
   521 | D        | Found an opulent altar of Gozag.
   521 | D        | Found an ancient bone altar of Kikubaaqudgha.
   521 | D        | Found a glowing silver altar of Zin.
   521 | D        | Noticed a yak
   529 | D        | Killed a yak
   529 | D        | Reached skill level 10 in Fighting
   529 | D        | Reached skill level 10 in Long Blades
   529 | D        | Reached skill level 10 in Armour
   530 | D        | Found an iron altar of Okawaru.
   531 | D        | Found a bloodstained altar of Trog.
   535 | D        | Became a worshipper of Warmaster Okawaru
   538 | D        | Bought a +0 cloak for 58 gold pieces
   538 | D        | Bought a scroll of enchant weapon for 97 gold pieces
   538 | D        | Bought 2 scrolls of identify for 52 gold pieces
   655 | D        | Killed a gargoyle
   657 | D        | Found a snail-covered altar of Cheibriados.
   657 | D        | Found a viscous altar of Jiyva.
   657 | D        | Found a shadowy altar of Dithmenos.
   657 | D        | Found a blossoming altar of Fedhas.
   657 | D        | Noticed a slime creature
   665 | D        | Killed a slime creature
   665 | D        | Acquired Okawaru's first power
   665 | D        | Reached skill level 11 in Fighting
   665 | D        | Reached XP level 7. HP: 26/74 MP: 6/6
   890 | D        | Noticed a kobold demonologist
   891 | D        | Noticed a kobold demonologist
   891 | D        | Paralysed by a giant eyeball for 3 turns
   894 | D        | Noticed a ynoxinul
   896 | D        | Noticed a hellwing
   897 | D        | Noticed a hellwing
   901 | D        | Killed a kobold demonologist
   901 | D        | Reached skill level 12 in Long Blades
   913 | D        | Noticed a soul eater
   914 | D        | Killed a kobold demonologist
   914 | D        | Reached skill level 13 in Long Blades
   914 | D        | Reached XP level 8. HP: 49/82 MP: 7/7
  1059 | D        | Noticed a demonic crawler
  1059 | D        | Noticed a demonic crawler
  1059 | D        | Noticed a demonic crawler
  1059 | D        | Noticed a demonic crawler
  1066 | D        | Killed a demonic crawler
  1080 | D        | Slain by a demonic crawler

Vault maps used:
D:        dungeon_sprint_1

Action                   |  1- 3 |  4- 6 |  7- 9 || total
-------------------------+-------+-------+-------++-------
Melee: Long sword        |    10 |    30 |    39 ||    79
Invok: Heroism           |       |       |     1 ||     1
  Use: Scroll            |       |     4 |       ||     4
